AoeStats
← 血刃

African Clearing

510392495Analyzed
2v2 RM · 1d ago on Sep 30, 2026· 45m 41s· 4 players
Game mode
Random Map
Map size
Medium (4 player)
Population
200
Speed
Normal
Resources
Standard
Victory
Conquest
Starting age
Dark Age
Ending age
Imperial Age
RankedLock teamsTeams togetherTeam positionsShared explorationLock speedFull tech treeHidden civsTurbo modeCheats
Victory
Defeat
🇧🇷 Mongols · Brazil
1584
+9
🇺🇸 Varangians · United States
1560
+10
🇺🇸 Danes · United States
1431
-10
🇹🇼 Saxons · Taiwan
1398
-9
血刃
9:34 Loom
12:03 Feudal Age
14:11 Double-Bit Axe
16:34 Castle Age
18:42 Horse Collar
26:44 Fletching
27:44 Bow Saw
29:55 Bodkin Arrow
34:48 Imperial Age
34:38 Wheelbarrow
34:04 Padded Archer Armor
36:05 Bloodlines
36:25 Parthian Tactics
36:02 Bracer
36:31 Conscription
37:51 Drill
39:06 Chemistry
37:56 Capped Ram
38:55 Siege Ram
40:21 Thumb Ring
40:28 Husbandry
40:51 Elite Mangudai
42:59 Heavy Plow
43:16 Leather Archer Armor
43:24 Ballistics
44:50 Onager
Chiro My Hero
11:15 Feudal Age
11:57 Double-Bit Axe
15:32 Forging
15:33 Loom
19:22 Castle Age
18:05 Scale Mail Armor
18:03 Gold Mining
18:03 Stone Mining
18:45 Stone Mining
19:35 Light Cavalry
20:25 Bloodlines
22:20 Iron Casting
27:12 Wheelbarrow
30:24 Horse Collar
31:32 Scale Barding Armor
33:05 Heavy Plow
33:43 Stone Shaft Mining
33:23 Bow Saw
34:03 Chain Barding Armor
34:53 Hand Cart
35:45 Stone Shaft Mining
38:02 Imperial Age
36:52 Chain Mail Armor
36:38 Squires
36:24 Gambesons
36:24 Arson
36:54 Fletching
39:45 Blast Furnace
39:49 Plate Barding Armor
39:23 Bodkin Arrow
40:22 Plate Mail Armor
39:34 Elite Jarl
42:33 Bracer
42:56 Conscription
42:40 Elite Varangian Guard
43:36 Town Watch
43:18 Gothikon
45:55 Ballistics
45:42 Siege Engineers
46:59 Chemistry
meatfoot29
11:44 Loom
13:48 Feudal Age
17:49 Castle Age
15:42 Double-Bit Axe
17:11 Horse Collar
23:10 Wheelbarrow
23:57 Sanctity
24:30 Bow Saw
24:58 Scale Mail Armor
29:49 Heavy Plow
30:06 Town Watch
32:50 Ballistics
33:37 Hand Cart
33:25 Gold Mining
33:26 Stone Mining
34:41 Fletching
35:06 Chain Mail Armor
35:02 Forging
37:37 Imperial Age
37:48 Imperial Age
35:51 Padded Archer Armor
36:57 Bodkin Arrow
37:18 Leather Archer Armor
37:36 Thumb Ring
37:54 Elite Skirmisher
40:22 Bracer
42:22 Ring Archer Armor
b95303076
10:59 Loom
13:09 Feudal Age
17:05 Castle Age
15:39 Double-Bit Axe
18:19 Bow Saw
21:33 Horse Collar
25:51 Wheelbarrow
27:31 Squires
32:12 Hand Cart
31:54 Crossbowman
33:07 Fletching
36:30 Imperial Age
34:40 Bodkin Arrow
35:20 Heavy Plow
35:46 Padded Archer Armor
36:56 Thumb Ring
37:15 Bracer
37:39 Ballistics
37:54 Gold Mining
38:32 Scale Mail Armor
38:38 Arbalester
41:08 Chemistry
42:44 Shield Wall
43:41 Chain Mail Armor
44:12 Arson
44:59 Plate Mail Armor
Connection lost

Rejoining the realm…

Still unreachable

The connection could not be restored.

Session expired

The server has moved on; the page needs a fresh start.